[Event "Titled Tuesday Blitz March 15 Early 2022"]
[White "Istvanovszki, Martin"]
[Black "Thomas, Anysia"]
[WhiteFideId "726958"]
[BlackFideId "670472"]
[WhiteElo "2345"]
[BlackElo "2002"]
[Result "1-0"]
[Round "06"]
[TimeControl "180+1"]
[Date "2022.03.15"]
[WhiteClock "0:00:53"]
[BlackClock "0:00:13"]

1. e4 c5 2. Nc3 Nc6 3. Bb5 Nd4 4. Bc4 g6 5. Nf3 Bg7 6. Nxd4 cxd4 7. Qf3 Nh6 8. Ne2 O-O 9. d3 Ng4 10. Bb3 d6 11. h3 Nf6 12. Nxd4 e5 13. Ne2 Be6 14. Bg5 h6 15. Bxf6 Bxf6 16. Nc3 Rc8 17. O-O-O a6 18. Kb1 b5 19. Bxe6 fxe6 20. Qg4 Qe8 21. Ne2 Bg7 22. f3 a5 23. h4 b4 24. Rh3 a4 25. Rg3 Rf6 26. h5 g5 27. Rh3 Qc6 28. Rc1 Rcf8 29. Rhh1 d5 30. Qg3 R6f7 31. Qe1 d4 32. Qxb4 Qa6 33. Qc4 Qb6 34. a3 Rb8 35. Qa2 Rfb7 36. Ka1 Bf8 37. Rb1 Qd6 38. Rhc1 Rc8 39. Ng3 Rc6 40. Nf1 Rbc7 41. Nd2 Rxc2 42. Nc4 1-0


[Site "https://www.chess.com"]

[Event "Titled Tuesday Blitz March 15 Early 2022"]
[White "Jaskolka, Tomasz"]
[Black "Rosen, Eric"]
[WhiteFideId "1170791"]
[BlackFideId "2032562"]
[WhiteElo "2073"]
[BlackElo "2362"]
[Result "1-0"]
[Round "06"]
[TimeControl "180+1"]
[Date "2022.03.15"]
[WhiteClock "0:00:07"]
[BlackClock "0:00:02"]

1. d4 d5 2. Bf4 Nf6 3. e3 c5 4. c3 cxd4 5. exd4 Nc6 6. Nd2 Bf5 7. Ngf3 e6 8. Ne5 Bd6 9. Ndf3 O-O 10. Be2 h6 11. h3 Qc7 12. O-O Nd7 13. Nxc6 Qxc6 14. Bxd6 Qxd6 15. Qd2 a6 16. Qe3 b5 17. Nd2 Rab8 18. b4 Rfc8 19. Nb3 Nb6 20. Nc5 Nc4 21. Bxc4 dxc4 22. Qe5 Qxe5 23. dxe5 a5 24. a3 Ra8 25. Nb7 Bd3 26. Rfe1 axb4 27. axb4 Kh7 28. Nd6 Rcb8 29. Rxa8 Rxa8 30. Nxb5 Ra2 31. Nd4 Kg6 32. g4 Ra3 33. b5 Ra2 34. Kg2 h5 35. Kg3 Kg5 36. h4+ Kg6 37. gxh5+ Kxh5 38. f3 Ra3 39. b6 Ra6 40. Kf4 Rxb6 41. Rg1 Kh6 42. Ra1 Rb2 43. Ra7 Kg6 44. h5+ Kxh5 45. Rxf7 Kg6 46. Re7 Bf5 47. Nxe6 Rc2 48. Rxg7+ Kh6 49. Kxf5 Rxc3 50. f4 Rc1 51. Rg6+ Kh7 52. Ng5+ Kh8 53. Kf6 c3 54. Kf7 Rh1 55. Rg8# 1-0


[Site "https://www.chess.com"]

[Event "Titled Tuesday Blitz March 15 Early 2022"]
[White "Jeet, Jain"]
[Black "Borodavkin, Anatoly"]
[WhiteFideId "5073022"]
[BlackFideId "14150662"]
[WhiteElo "2085"]
[BlackElo "1845"]
[Result "1-0"]
[Round "06"]
[TimeControl "180+1"]
[Date "2022.03.15"]
[WhiteClock "0:01:48"]
[BlackClock "0:00:09"]

1. d4 d5 2. Nf3 Nc6 3. Bf4 Bg4 4. e3 e6 5. Nbd2 Bd6 6. Bg3 Nf6 7. c4 O-O 8. c5 Bxg3 9. hxg3 h6 10. Be2 b6 11. Rc1 Ne7 12. Ne5 Bxe2 13. Qxe2 Nh7 14. f4 f6 15. Nd3 Qe8 16. Nf3 Qg6 17. Kf2 Nf5 18. Rh3 Rae8 19. Nh4 Nxh4 20. gxh4 f5 21. Ne5 Qf6 22. Nd7 Qe7 23. Nxf8 Rxf8 24. cxb6 cxb6 25. Qc2 Nf6 26. g3 Ne4+ 27. Kg2 Qb4 28. a3 Qb5 29. Rhh1 Rf6 30. h5 Kh7 31. Rhe1 Rf7 32. Qe2 Qa4 33. Rc8 Qb3 34. Qc2 Qa2 35. Re2 Qa1 36. Qc1 Qa2 37. Qc6 Re7 38. Qa8 g5 39. Rh8+ Kg7 40. Qf8# 1-0


[Site "https://www.chess.com"]

[Event "Titled Tuesday Blitz March 15 Early 2022"]
[White "Johnson, Ben"]
[Black "Iljin, Timofey"]
[WhiteFideId "2010917"]
[BlackFideId "14110180"]
[WhiteElo "2224"]
[BlackElo "2396"]
[Result "0-1"]
[Round "06"]
[TimeControl "180+1"]
[Date "2022.03.15"]
[WhiteClock "0:00:22"]
[BlackClock "0:01:19"]

1. Nf3 f5 2. d4 Nf6 3. c4 g6 4. Nc3 Bg7 5. g3 O-O 6. Bg2 d6 7. O-O Qe8 8. Re1 e5 9. d5 a5 10. e4 fxe4 11. Ng5 Na6 12. Ncxe4 Nxe4 13. Nxe4 Bf5 14. Bg5 Bxe4 15. Bxe4 Nc5 16. Bc2 Qf7 17. Qe2 Rae8 18. Rad1 e4 19. b3 Nd3 20. Rf1 h6 21. Be3 Nb4 22. Bb1 g5 23. a3 Na6 24. Bd4 Bxd4 25. Rxd4 Nc5 26. b4 axb4 27. axb4 Qf6 28. Qe3 Nd3 29. Bxd3 exd3 30. Qxd3 Re1 31. h4 Qxf2+ 32. Kh1 Rxf1+ 0-1


[Site "https://www.chess.com"]

[Event "Titled Tuesday Blitz March 15 Early 2022"]
[White "Jumabayev, Rinat"]
[Black "Atakhan, Abtin"]
[WhiteFideId "13702661"]
[BlackFideId "22502203"]
[WhiteElo "2561"]
[BlackElo "2119"]
[Result "0-1"]
[Round "06"]
[TimeControl "180+1"]
[Date "2022.03.15"]
[WhiteClock "0:00:06"]
[BlackClock "0:00:03"]

1. Nf3 Nf6 2. c4 c5 3. Nc3 Nc6 4. e3 g6 5. d4 cxd4 6. exd4 d5 7. cxd5 Nxd5 8. Bc4 Nxc3 9. Qb3 Nd5 10. Bxd5 e6 11. Bxc6+ bxc6 12. O-O f6 13. Be3 Qd5 14. Rfc1 Kf7 15. Nd2 g5 16. Rc2 Be7 17. Rac1 Rd8 18. Rxc6 Qxb3 19. Nxb3 Bb7 20. Rc7 Bd5 21. Na5 Ke8 22. a3 Rd7 23. b4 Bd8 24. R7c5 Bb6 25. h4 gxh4 26. Kh2 Rg7 27. f3 Kd7 28. Bf4 Rag8 29. R1c2 Rg6 30. R5c3 h3 31. Kxh3 Bxa5 32. bxa5 e5 33. dxe5 fxe5 34. Rc7+ Ke6 35. Re2 Kf5 36. Bc1 e4 37. g4+ Ke5 38. Rxe4+ Bxe4 39. Re7+ Re6 40. Rxe6+ Kxe6 41. fxe4 Ke5 42. Be3 a6 43. Kh4 Kxe4 44. Bb6 Kf4 45. g5 Kf5 46. Be3 Kg6 47. Kg4 Rc8 48. Kf3 Rc4 49. Bd2 Rd4 50. Ke3 Ra4 51. Bb4 Kxg5 52. Kd4 h5 53. Kc5 h4 54. Kb6 h3 55. Kxa6 h2 56. Kb5 Rxb4+ 57. axb4 h1=Q 58. a6 Qa8 59. Ka5 Kf5 60. b5 Ke5 61. b6 Kd6 62. b7 Qa7 63. Kb5 Kc7 0-1


[Site "https://www.chess.com"]

[Event "Titled Tuesday Blitz March 15 Early 2022"]
[White "Kevlishvili, Robby"]
[Black "Muradli, Mahammad"]
[WhiteFideId "1040634"]
[BlackFideId "13409301"]
[WhiteElo "2584"]
[BlackElo "2611"]
[Result "1-0"]
[Round "06"]
[TimeControl "180+1"]
[Date "2022.03.15"]
[WhiteClock "0:00:38"]
[BlackClock "0:00:02"]

1. e4 d6 2. d4 Nc6 3. Nc3 g6 4. Be3 Bg7 5. Qd2 e5 6. Nf3 Bg4 7. d5 Nce7 8. Be2 Bd7 9. h3 f5 10. g3 Nf6 11. exf5 Nxf5 12. O-O-O Nxe3 13. fxe3 e4 14. Nd4 Qe7 15. Bb5 O-O 16. Bxd7 Nxd7 17. Ne6 Bxc3 18. Qxc3 Rf3 19. Qxc7 Rxe3 20. Rhe1 Rxg3 21. Rxe4 Re8 22. Rde1 Nf6 23. Qxe7 Rxe7 24. Rf4 Nd7 25. Ref1 h6 26. h4 a6 27. b3 Rh3 28. a4 Ne5 29. Rf8+ Kh7 30. R1f4 Rh1+ 31. Kb2 Rh2 32. Kc3 Rh3+ 33. Kb4 Rh2 34. Rc8 b6 35. Ka3 Rh3 36. Rff8 Nf7 37. Rg8 h5 38. Rg7+ Kh6 39. Rcg8 Rxh4 40. Rxg6+ Kh7 41. Nf8# 1-0


[Site "https://www.chess.com"]

[Event "Titled Tuesday Blitz March 15 Early 2022"]
[White "Khamzin, Olzhas"]
[Black "Wong, Yinn Long"]
[WhiteFideId "13701690"]
[BlackFideId "5707684"]
[WhiteElo "2194"]
[BlackElo "2055"]
[Result "1-0"]
[Round "06"]
[TimeControl "180+1"]
[Date "2022.03.15"]
[WhiteClock "0:01:42"]
[BlackClock "0:00:21"]

1. d4 Nf6 2. Nc3 d5 3. Bg5 Bf5 4. e3 e6 5. Bd3 Bxd3 6. cxd3 Nbd7 7. f4 Be7 8. Nf3 O-O 9. O-O c5 10. Kh1 Rc8 11. Rc1 h6 12. Bh4 Ng4 13. Bxe7 Qxe7 14. Qd2 a6 15. h3 Ngf6 16. Ne5 cxd4 17. exd4 Qb4 18. Qf2 Nxe5 19. fxe5 Nd7 20. Nxd5 exd5 21. Rxc8 Qe7 22. Rxf8+ Nxf8 23. Rc1 Ne6 24. Rc8+ Kh7 25. Qf5+ g6 26. Qf6 Qxf6 27. exf6 g5 28. Rb8 b5 29. Rb6 Kg6 30. Rxa6 Nxd4 31. Rd6 Ne6 32. Rxd5 b4 33. Rb5 Kxf6 34. Rxb4 Ke5 35. a4 1-0


[Site "https://www.chess.com"]

[Event "Titled Tuesday Blitz March 15 Early 2022"]
[White "Koridze, Lile"]
[Black "Gulecyuz, Deniz"]
[WhiteFideId "13612514"]
[BlackFideId "30921341"]
[WhiteElo "1999"]
[BlackElo "1923"]
[Result "1-0"]
[Round "06"]
[TimeControl "180+1"]
[Date "2022.03.15"]
[WhiteClock "0:01:25"]
[BlackClock "0:00:18"]

1. d4 Nf6 2. c4 g6 3. Nc3 d5 4. Nf3 Bg7 5. Bg5 Ne4 6. cxd5 Nxg5 7. Nxg5 c6 8. dxc6 Nxc6 9. e3 e5 10. Nf3 exd4 11. exd4 O-O 12. Be2 Nxd4 13. Nxd4 Qxd4 14. O-O Be6 15. Bf3 Qb6 16. Qc2 Rac8 17. Rfc1 Rfd8 18. Be4 a6 19. Qe2 Qa7 20. Qf3 b5 21. a3 Rd2 22. Rab1 Bd4 23. Nd1 Rxc1 24. Rxc1 Kg7 25. Rc2 Rxc2 26. Bxc2 Qc7 27. Qd3 Bf6 28. Qd2 a5 29. h3 Qb6 30. b4 a4 31. Ne3 Qd4 32. Bd3 Qa1+ 33. Kh2 Qxa3 34. Bxb5 Qxb4 35. Qxb4 1-0


[Site "https://www.chess.com"]

[Event "Titled Tuesday Blitz March 15 Early 2022"]
[White "Kowalczyk, Pawel"]
[Black "Harikrishna, Pentala"]
[WhiteFideId "1130641"]
[BlackFideId "5007003"]
[WhiteElo "2344"]
[BlackElo "2574"]
[Result "1-0"]
[Round "06"]
[TimeControl "180+1"]
[Date "2022.03.15"]
[WhiteClock "0:00:08"]
[BlackClock "0:00:02"]

1. e4 c5 2. d4 cxd4 3. c3 d5 4. exd5 Qxd5 5. cxd4 Nf6 6. Nc3 Qd8 7. Bc4 e6 8. Nf3 Be7 9. O-O O-O 10. Qe2 Nbd7 11. Bf4 Nb6 12. Bd3 Nbd5 13. Bg3 Nxc3 14. bxc3 b6 15. a4 Bb7 16. a5 Rc8 17. axb6 axb6 18. Rfc1 Qd5 19. Rab1 Qa5 20. c4 Bxf3 21. Qxf3 Rfd8 22. Be5 Nd7 23. Bxh7+ Kxh7 24. Qxf7 Nxe5 25. dxe5 Bg5 26. f4 Bh6 27. Qxe6 Qc5+ 28. Kh1 Qd4 29. Rf1 Qxc4 30. Qxb6 Bxf4 31. e6 Bg5 32. Qa5 Qd5 33. Rb5 Qd3 34. Rg1 Be3 35. Rh5+ Kg8 36. e7 Re8 37. Qa2+ Qc4 38. Qxc4+ Rxc4 39. Ra1 Rxe7 40. g3 Rec7 41. Ra8+ Kf7 42. Rf5+ Kg6 43. Rf3 Rc1+ 44. Kg2 Bg5 45. h4 Bf6 46. Kh3 Rh1+ 47. Kg2 Rcc1 48. Rf2 Rcg1+ 49. Kf3 Be5 50. Ra6+ 1-0


[Site "https://www.chess.com"]

[Event "Titled Tuesday Blitz March 15 Early 2022"]
[White "Krasilnikov, Evgeni"]
[Black "Zomorrodian, Eilia"]
[WhiteFideId "4139739"]
[BlackFideId "12551805"]
[WhiteElo "2206"]
[BlackElo "2098"]
[Result "1-0"]
[Round "06"]
[TimeControl "180+1"]
[Date "2022.03.15"]
[WhiteClock "0:00:28"]
[BlackClock "0:00:45"]

1. e4 c5 2. c3 Nf6 3. e5 Nd5 4. d4 cxd4 5. cxd4 Nc6 6. Nf3 d6 7. Bc4 Nb6 8. Bb5 dxe5 9. Nxe5 Bd7 10. Nxd7 Qxd7 11. O-O e6 12. Nc3 Rd8 13. Be3 Be7 14. Qg4 O-O 15. Rad1 Kh8 16. Bg5 Bxg5 17. Qxg5 Nd5 18. Rd3 a6 19. Bc4 Ndb4 20. Rd2 Nxd4 21. Rfd1 Nbc6 22. Ne4 e5 23. h4 b5 24. Bf1 Qd5 25. Nf6 Qe6 26. Nh5 h6 27. Qxg7# 1-0


[Site "https://www.chess.com"]

[Event "Titled Tuesday Blitz March 15 Early 2022"]
[White "Lazavik, Denis"]
[Black "Matinian, Nikita"]
[WhiteFideId "13515110"]
[BlackFideId "24129100"]
[WhiteElo "2437"]
[BlackElo "2422"]
[Result "1-0"]
[Round "06"]
[TimeControl "180+1"]
[Date "2022.03.15"]
[WhiteClock "0:00:33"]
[BlackClock "0:00:37"]

1. d4 Nf6 2. c4 e6 3. Nf3 Bb4+ 4. Bd2 a5 5. a3 Be7 6. Nc3 d5 7. Bf4 O-O 8. e3 b6 9. Rc1 Ba6 10. cxd5 Bxf1 11. Kxf1 exd5 12. Qb3 c5 13. Ke2 Nc6 14. Rhd1 cxd4 15. exd4 Bd6 16. Bg5 h6 17. Bxf6 Qxf6 18. Nxd5 Qe6+ 19. Kf1 Ne7 20. Nxe7+ Bxe7 21. Qxe6 fxe6 22. Rc6 b5 23. Rxe6 Bf6 24. Rb6 Rab8 25. Rxb8 Rxb8 26. Ke2 b4 27. a4 b3 28. Kd3 Rb4 29. Kc3 Kf7 30. Re1 Kg6 31. Ne5+ Kf5 32. Nc6 Rxa4 33. Kxb3 1-0


[Site "https://www.chess.com"]

[Event "Titled Tuesday Blitz March 15 Early 2022"]
[White "Le, Tuan Minh"]
[Black "Dreev, Aleksey"]
[WhiteFideId "12401153"]
[BlackFideId "4100107"]
[WhiteElo "2450"]
[BlackElo "2625"]
[Result "0-1"]
[Round "06"]
[TimeControl "180+1"]
[Date "2022.03.15"]
[WhiteClock "0:00:12"]
[BlackClock "0:00:07"]

1. d4 d5 2. Nf3 Nf6 3. Bf4 e6 4. e3 c5 5. c3 Bd6 6. Nbd2 O-O 7. Bd3 Bxf4 8. exf4 b6 9. Qe2 a5 10. O-O Ba6 11. Bxa6 Nxa6 12. Rfe1 Nc7 13. Nf1 Qd6 14. g3 b5 15. Ne3 b4 16. c4 cxd4 17. Nxd4 dxc4 18. Qxc4 Ncd5 19. Nxd5 Qxd5 20. Rac1 g6 21. Nc6 Qxc4 22. Rxc4 Nd5 23. Rec1 Kg7 24. Kf1 h5 25. h4 Rfc8 26. Ke2 Rc7 27. Ne5 Rb7 28. Nd3 a4 29. Nc5 Rb5 30. a3 Ra7 31. Ke1 Raa5 32. Kf1 Ra7 33. Ke2 Kf8 34. R1c2 Ke7 35. Nd3 bxa3 36. bxa3 Rb3 37. Ne5 Kf6 38. Nc6 Ra8 39. Nd4 Rxa3 40. Nb5 Rb3 41. Nd4 Rb6 42. Ra2 a3 43. Kf3 Rb2 44. Ra1 a2 45. Rc2 Ra3+ 46. Ke2 Rxc2+ 47. Nxc2 Ra4 48. Kd2 Kf5 49. Ne1 Kg4 50. Nd3 f6 51. Nc5 Ra7 52. Nxe6 Kf3 53. f5 gxf5 54. Nd4+ Kg4 55. Nb5 Ra5 56. Nd6 f4 57. Nc4 Rc5 58. Kd3 Nb4+ 59. Kc3 Nc6 60. Kd3 Ne5+ 61. Nxe5+ Rxe5 62. gxf4 Ra5 63. Kc4 Kxf4 64. Kb4 Ra7 65. Kc5 Kf3 66. Kb6 Ra8 67. Kb7 Ra3 68. Kb6 f5 69. Kb5 f4 70. Kb4 Ra7 71. Kc4 Kxf2 72. Kd4 f3 73. Ke4 Ke2 74. Kf4 f2 75. Kg5 f1=Q 0-1


[Site "https://www.chess.com"]

[Event "Titled Tuesday Blitz March 15 Early 2022"]
[White "Maltsevskaya, Aleksandra"]
[Black "Omariev, Maksim"]
[WhiteFideId "24174041"]
[BlackFideId "4193423"]
[WhiteElo "2241"]
[BlackElo "2461"]
[Result "1-0"]
[Round "06"]
[TimeControl "180+1"]
[Date "2022.03.15"]
[WhiteClock "0:00:02"]
[BlackClock "0:00:03"]

1. e4 c5 2. Nf3 d6 3. d4 cxd4 4. Nxd4 Nf6 5. Nc3 a6 6. g3 e6 7. Bg2 Be7 8. O-O O-O 9. Re1 Qc7 10. Be3 Nc6 11. a4 Rb8 12. h3 Ne5 13. Qe2 Nc4 14. Bc1 e5 15. Nf5 Bxf5 16. exf5 Rfc8 17. g4 b5 18. axb5 axb5 19. g5 Nd7 20. Nd5 Qd8 21. g6 Bg5 22. Qh5 h6 23. gxf7+ Kf8 24. f4 Bf6 25. Qg6 Ncb6 26. Ra7 Rxc2 27. Be3 Rbc8 28. Qh7 Kxf7 29. Nxb6 R8c7 30. Rxc7 Qxc7 31. Bd5+ Ke7 32. Qg8 Nxb6 33. Qf7+ Kd8 34. Qf8+ Kd7 35. Be6+ Kc6 36. Ra1 Kb7 37. Bd5+ Nxd5 38. Qa8# 1-0


[Site "https://www.chess.com"]

[Event "Titled Tuesday Blitz March 15 Early 2022"]
[White "Manon-og, Ramon Jr."]
[Black "Petrova, Irina"]
[WhiteFideId "5200776"]
[BlackFideId "14124122"]
[WhiteElo "2250"]
[BlackElo "1993"]
[Result "0-1"]
[Round "06"]
[TimeControl "180+1"]
[Date "2022.03.15"]
[WhiteClock "0:00:25"]
[BlackClock "0:01:08"]

1. e4 d6 2. Nf3 Nf6 3. e5 dxe5 4. Nxe5 e6 5. Bb5+ Nbd7 6. Nxd7 Bxd7 7. Bxd7+ Qxd7 8. Nc3 Bc5 9. O-O h5 10. d4 Qxd4 11. Be3 Qxd1 12. Raxd1 Bxe3 13. fxe3 a6 14. e4 Ke7 15. e5 Nd7 16. Rfe1 Rad8 17. h3 Nc5 18. Rxd8 Rxd8 19. g4 hxg4 20. hxg4 Rd4 21. Rd1 Rxg4+ 22. Kf1 Rg5 23. b4 Nd7 24. Ne4 Rf5+ 25. Ke1 Rxe5 26. Rd4 Nf6 27. Kd2 Rxe4 28. Rxe4 Nxe4+ 29. Kd3 Nd6 30. c4 g5 31. c5 Nf5 32. Ke2 g4 33. Kf2 g3+ 34. Kg2 e5 35. Kf3 Ke6 36. a4 e4+ 37. Kxe4 g2 38. Kf3 g1=Q 39. Kf4 Qe3+ 40. Kg4 Qg3+ 41. Kh5 Qg6# 0-1


[Site "https://www.chess.com"]

[Event "Titled Tuesday Blitz March 15 Early 2022"]
[White "Manukyan, Artyom"]
[Black "Brunner, Nicolas"]
[WhiteFideId "13305786"]
[BlackFideId "620246"]
[WhiteElo "2034"]
[BlackElo "2372"]
[Result "1-0"]
[Round "06"]
[TimeControl "180+1"]
[Date "2022.03.15"]
[WhiteClock "0:00:02"]
[BlackClock "0:00:01"]

1. e4 e5 2. Nf3 Nc6 3. Bb5 a6 4. Bxc6 dxc6 5. O-O Bg4 6. h3 h5 7. d3 Qf6 8. Nbd2 g5 9. Nc4 Bxf3 10. Qxf3 Qxf3 11. gxf3 f6 12. h4 gxh4 13. f4 b5 14. Ne3 exf4 15. Nf5 Bd6 16. Nxd6+ cxd6 17. Bxf4 Kd7 18. Kg2 Ne7 19. Rh1 Rag8+ 20. Kf3 Rg4 21. a4 Ng6 22. Bh2 b4 23. Rag1 Rxg1 24. Rxg1 Rg8 25. Ke3 Ke6 26. f4 Ne7 27. f5+ Kd7 28. Rxg8 Nxg8 29. Kf3 Nh6 30. Kg2 Ng4 31. Bg1 d5 32. Kh3 dxe4 33. dxe4 Ne5 34. Bf2 Nc4 35. Bd4 Ke7 36. Kxh4 Nd2 37. Bc5+ Kf7 38. Bxb4 Nxe4 39. Kxh5 Ng3+ 40. Kg4 Ne2 41. c4 Nc1 42. Bc3 Nd3 43. Kf3 Nc5 44. a5 Nb3 45. Ke3 Ke7 46. Kd3 Nc1+ 47. Kc2 Ne2 48. Bb4+ Kd7 49. Bc3 Ke7 50. Kd3 Ng3 51. Kd4 Kd7 52. Kc5 Kc7 53. b4 Nxf5 54. Bxf6 Kb7 55. Be5 Ne3 56. Bd4 Nf5 57. Bf2 Ng7 58. Kd6 Nf5+ 59. Kd7 Nh6 60. Ke6 Ng4 61. Bg1 Nh6 62. Kf6 Ng8+ 63. Kf7 Nh6+ 64. Ke6 Ng8 65. Be3 Kc7 66. Kf7 c5 67. bxc5 Kc6 68. Kxg8 1-0


[Site "https://www.chess.com"]

[Event "Titled Tuesday Blitz March 15 Early 2022"]
[White "Marson, Juan Miguel"]
[Black "Fernandez Guillen, Ernesto J."]
[WhiteFideId "106585"]
[BlackFideId "3512428"]
[WhiteElo "2053"]
[BlackElo "2380"]
[Result "0-1"]
[Round "06"]
[TimeControl "180+1"]
[Date "2022.03.15"]
[WhiteClock "0:00:03"]
[BlackClock "0:00:14"]

1. e4 e5 2. Nf3 Nc6 3. Bb5 f5 4. d3 fxe4 5. dxe4 Nf6 6. Qe2 d6 7. h3 Be6 8. Nc3 Be7 9. Bc4 Qd7 10. Ng5 Nd4 11. Bxe6 Nxe6 12. Nxe6 Qxe6 13. Bg5 O-O 14. Bxf6 Bxf6 15. Nd5 Bd8 16. Qc4 Kh8 17. Ne3 Qg6 18. Nf5 c6 19. O-O-O d5 20. Qb4 Bg5+ 21. Kb1 d4 22. h4 Bf6 23. h5 Qxg2 24. Rhg1 Qxe4 25. Nxg7 Bxg7 26. Rxg7 Rxf2 27. Rdg1 Qxc2+ 28. Ka1 Raf8 29. a4 Rf1+ 30. Ka2 Qb1+ 31. Kb3 R1f3+ 32. Kc4 Qc2+ 33. Qc3 Rxc3+ 0-1


[Site "https://www.chess.com"]

[Event "Titled Tuesday Blitz March 15 Early 2022"]
[White "Martin Carmona, Gaston Manuel"]
[Black "Chen, Qi b"]
[WhiteFideId "22284567"]
[BlackFideId "8614733"]
[WhiteElo "2161"]
[BlackElo "2432"]
[Result "0-1"]
[Round "06"]
[TimeControl "180+1"]
[Date "2022.03.15"]
[WhiteClock "0:00:20"]
[BlackClock "0:00:16"]

1. d4 Nf6 2. c4 g6 3. Nc3 d5 4. cxd5 Nxd5 5. e4 Nxc3 6. bxc3 Bg7 7. Bc4 c5 8. Ne2 O-O 9. Be3 Nc6 10. h4 cxd4 11. cxd4 Qa5+ 12. Kf1 Rd8 13. Rc1 Ne5 14. Bb3 Ng4 15. Bg5 Bf6 16. Bxf6 Nxf6 17. f3 Bd7 18. Rc5 Qb4 19. h5 Bb5 20. hxg6 hxg6 21. Rg5 Kg7 22. Qc1 Rh8 23. Rxh8 Rxh8 24. Kf2 Bxe2 25. Kxe2 Qxd4 26. Qd2 Qxd2+ 27. Kxd2 Rd8+ 28. Kc3 b6 29. a4 Nd7 30. Rd5 Rc8+ 31. Kb4 Rc7 32. Bd1 e6 33. Rd6 g5 34. Be2 Kf6 35. Bb5 Ne5 36. Rd2 Ng6 37. g3 Ke5 38. Rh2 Kd4 39. Re2 a5+ 40. Kb3 Rc3+ 41. Kb2 Rxf3 42. Be8 Ne5 43. Rd2+ Rd3 44. Rf2 Kxe4 45. Bxf7 Nxf7 46. Rxf7 Rxg3 47. Rb7 g4 48. Rxb6 Rd3 49. Rxe6+ Kf3 50. Re5 g3 51. Rxa5 g2 52. Rg5 Kf2 53. Kc2 Rg3 54. Rf5+ Ke3 55. Re5+ Kd4 0-1


[Site "https://www.chess.com"]

[Event "Titled Tuesday Blitz March 15 Early 2022"]
[White "Mekhitarian, Krikor Sevag"]
[Black "Shimanov, Aleksandr"]
[WhiteFideId "2107660"]
[BlackFideId "4198603"]
[WhiteElo "2598"]
[BlackElo "2636"]
[Result "1/2-1/2"]
[Round "06"]
[TimeControl "180+1"]
[Date "2022.03.15"]
[WhiteClock "0:00:04"]
[BlackClock "0:00:05"]

1. e4 d5 2. exd5 Qxd5 3. Nc3 Qe5+ 4. Be2 Bg4 5. d4 Bxe2 6. Ngxe2 Qa5 7. O-O Nf6 8. d5 c6 9. Nf4 cxd5 10. Ncxd5 Nxd5 11. Qxd5 Qxd5 12. Nxd5 Na6 13. Be3 e6 14. Nc3 Bc5 15. Bxc5 Nxc5 16. Rad1 Ke7 17. Rd4 Rhd8 18. Rfd1 Rxd4 19. Rxd4 a6 20. Kf1 Rc8 21. Ke2 Nd7 22. Kd1 Ne5 23. h3 h5 24. Kd2 Nc4+ 25. Kc1 b5 26. b3 Nd6 27. Kb2 Nf5 28. Rd3 h4 29. Ne4 e5 30. a3 Nd4 31. c3 Ne6 32. Nd6 Rc6 33. Nf5+ Kf6 34. Nxh4 e4 35. Rd5 g5 36. Nf5 Nf4 37. Nd4 Nxd5 38. Nxc6 Nf4 39. Nb4 a5 40. Nc6 a4 41. Nd4 Nd3+ 42. Kc2 axb3+ 43. Kxb3 Nxf2 44. Nxb5 e3 45. Nd4 Ke5 46. Kc2 Ke4 47. a4 Nd3 48. a5 Nc5 49. Ne2 f5 50. Ng3+ Ke5 51. Ne2 f4 52. Ng1 Kf5 53. c4 g4 54. hxg4+ Kxg4 55. Kd1 Kg3 56. Ne2+ Kxg2 57. Nxf4+ Kf3 58. Ne2 Kf2 59. Nd4 Na6 60. Ne2 Nc5 61. Nd4 Na6 62. Ne2 Nc5 1/2-1/2


[Site "https://www.chess.com"]

[Event "Titled Tuesday Blitz March 15 Early 2022"]
[White "Milosevic, Milos"]
[Black "Miszler, Levente"]
[WhiteFideId "964875"]
[BlackFideId "763276"]
[WhiteElo "2237"]
[BlackElo "1966"]
[Result "1-0"]
[Round "06"]
[TimeControl "180+1"]
[Date "2022.03.15"]
[WhiteClock "0:02:12"]
[BlackClock "0:01:29"]

1. e4 e6 2. d4 d5 3. Nc3 Nf6 4. Bg5 dxe4 5. Nxe4 Be7 6. Bxf6 Bxf6 7. Nf3 b6 8. Bb5+ c6 9. Bc4 Bb7 10. Qe2 Nd7 11. O-O-O O-O 12. Rhe1 Qc7 13. Kb1 a5 14. h4 b5 15. Bd3 b4 16. Neg5 h6 17. Qe4 Rfd8 18. Qh7+ Kf8 19. Rxe6 g6 20. Qxf7# 1-0


[Site "https://www.chess.com"]

[Event "Titled Tuesday Blitz March 15 Early 2022"]
[White "Moroni, Luca Jr"]
[Black "Lou, Yiping"]
[WhiteFideId "865834"]
[BlackFideId "8603928"]
[WhiteElo "2573"]
[BlackElo "2412"]
[Result "0-1"]
[Round "06"]
[TimeControl "180+1"]
[Date "2022.03.15"]
[WhiteClock "0:00:30"]
[BlackClock "0:00:58"]

1. d4 g6 2. e4 Bg7 3. Nc3 d6 4. Be3 c6 5. Qd2 b5 6. Bd3 Nd7 7. Nf3 Bb7 8. O-O-O a6 9. g4 h5 10. gxh5 Rxh5 11. Kb1 c5 12. dxc5 Nxc5 13. Bd4 Nf6 14. Qe3 b4 15. Nd5 Bxd5 16. exd5 Nxd3 17. Rxd3 Nxd5 18. Qe4 Nf6 19. Qc6+ Kf8 20. Re1 Qc8 21. Qb6 Rb5 22. h4 Rxb6 23. Bxb6 Qc6 24. Bd4 e5 25. Be3 Qxf3 26. Rxd6 Ne4 27. Rd3 Kg8 28. h5 Qxh5 29. a3 bxa3 30. Rxa3 Nd6 31. Ra4 e4 32. Rd1 Qb5 33. b3 Nf5 34. Bc1 Re8 35. Re1 Nd4 36. Bb2 Nxb3 37. Bxg7 Qxa4 0-1


[Site "https://www.chess.com"]

[Event "Titled Tuesday Blitz March 15 Early 2022"]
[White "Muhammad, Shahzeb"]
[Black "Sarkar, Justin"]
[WhiteFideId "7804806"]
[BlackFideId "2010011"]
[WhiteElo "2214"]
[BlackElo "2038"]
[Result "0-1"]
[Round "06"]
[TimeControl "180+1"]
[Date "2022.03.15"]
[WhiteClock "0:01:18"]
[BlackClock "0:00:35"]

1. e4 e5 2. Nf3 Nc6 3. d4 exd4 4. Nxd4 Nf6 5. Nxc6 bxc6 6. e5 Qe7 7. Qe2 Nd5 8. c4 Ba6 9. b3 g6 10. Bb2 Bg7 11. g3 O-O-O 12. Bg2 Rhe8 13. O-O Bxe5 14. Qxe5 Qxe5 15. Bxe5 Rxe5 16. cxd5 Bxf1 17. Kxf1 cxd5 18. Nc3 c6 19. Rc1 Kb8 20. h4 Rde8 21. b4 d4 22. Na4 d3 23. Rd1 d2 24. Bf3 Re1+ 25. Kg2 Rxd1 26. Bxd1 Re1 27. Nc3 d5 28. Bf3 Kc7 29. b5 d4 30. Nd1 cxb5 31. Nb2 a5 32. Bd1 a4 33. a3 b4 34. Bxa4 bxa3 35. Nc4 a2 0-1


[Site "https://www.chess.com"]

[Event "Titled Tuesday Blitz March 15 Early 2022"]
[White "Myshakov, Fyodor"]
[Black "Ismayil, Malak"]
[WhiteFideId "14111284"]
[BlackFideId "13412604"]
[WhiteElo "2310"]
[BlackElo "1879"]
[Result "0-1"]
[Round "06"]
[TimeControl "180+1"]
[Date "2022.03.15"]
[WhiteClock "0:00:04"]
[BlackClock "0:00:04"]

1. c4 e5 2. Nc3 Nf6 3. Nf3 Nc6 4. g3 Bb4 5. Nd5 d6 6. Nxb4 Nxb4 7. d3 O-O 8. Bg2 Nc6 9. O-O h6 10. a3 a5 11. b3 Bg4 12. Bb2 Qd7 13. Bc3 Rae8 14. b4 axb4 15. axb4 Nd8 16. Ra8 Ne6 17. Rxe8 Rxe8 18. Qc2 Bf5 19. Nd2 Nd4 20. Bxd4 exd4 21. Nb3 Bg4 22. Re1 d5 23. Nxd4 dxc4 24. Qxc4 c6 25. Nxc6 Rc8 26. Ne5 Rxc4 27. Nxd7 Rxb4 28. Nxf6+ gxf6 29. h3 Be6 30. e3 Rb3 31. d4 Bc4 32. Be4 b5 33. Rb1 Ra3 34. Bc6 Ra6 35. d5 Kf8 36. Rb4 Rb6 37. e4 Ke7 38. f4 Kd6 39. Be8 Rb7 40. Kf2 f5 41. Bc6 Rb6 42. exf5 Kc5 43. Rb1 Bxd5 44. Bxd5 Kxd5 45. Ke3 b4 46. g4 Kc4 47. h4 Kc3 48. g5 h5 0-1


[Site "https://www.chess.com"]